 Dungeon Crawl Stone Soup version 0.19-a0-916-g8ae7e35 (webtiles) character file.

600 Implojin the Cleaver (level 7, -4/56 (57) HPs)
             Began as a Minotaur Fighter on July 5, 2016.
             Was an Initiate of Okawaru.
             Slain by Menkaure (11 damage)
             ... on level 7 of the Dungeon.
             The game lasted 00:07:24 (1322 turns).

Implojin the Cleaver (Minotaur Fighter)             Turns: 1322, Time: 00:07:25

HP:   -4/56 (57)    AC:  9    Str: 21    XL:     7   Next: 18%
MP:   6/6           EV:  8    Int:  5    God:    Okawaru [......]
Gold: 49            SH:  9    Dex: 11    Spells: 0 memorised, 6 levels left

rFire  . . .     SeeInvis .     n - +0 war axe
rCold  . . .     Gourm    .     d - +1 ring mail {MR+}
rNeg   . . .     Faith    .     c - +0 shield
rPois  +         Spirit   .     (helmet restricted)
rElec  .         Dismiss  .     s - +0 cloak
rCorr  .         Reflect  .     (no gloves)
SustAt .         Harm     .     k - +0 pair of boots
MR     +....                    (no amulet)
Stlth  +.........               (no ring)
                                y - ring of poison resistance

@: very slightly contaminated, hasted, very quick, somewhat resistant to hostile
enchantments, very unstealthy
A: retaliatory headbutt, horns 2
a: Renounce Religion


You were on level 7 of the Dungeon.
You worshipped Okawaru.
Okawaru was noncommittal.
You were not hungry.

You visited 2 branches of the dungeon, and saw 8 of its levels.

You collected 49 gold pieces.

Inventory:

Hand Weapons
 a - a +0 war axe
 n - a +0 war axe (weapon)
 o - a +4 antimagic flail
Armour
 b - a +0 scale mail
 c - a +0 shield (worn)
 d - a +1 ring mail of magic resistance (worn)
 k - a +0 pair of boots (worn)
 p - a +0 pair of boots
 s - a +0 cloak (worn)
 u - a +0 chain mail
 x - a +1 leather armour of cold resistance
 C - a +0 large shield
Jewellery
 y - a ring of poison resistance (left hand)
Scrolls
 e - a scroll of immolation {unknown}
 i - a scroll of recharging
 m - a scroll of remove curse
 r - a scroll of enchant weapon
 v - a scroll of random uselessness {unknown}
 w - a scroll of enchant armour {unknown}
Potions
 h - 2 potions of flight
 j - a potion of cancellation
 l - a potion of brilliance
 z - a potion of curing
Books
 t - a book of Clouds

   Spells                             Type                      Level
   a - Mephitic Cloud                 Conjuration/Poison/Air       3
   b - Conjure Flame                  Conjuration/Fire             3
   c - Poisonous Cloud                Conjuration/Poison/Air       6
   d - Freezing Cloud                 Conjuration/Ice/Air          6
   e - Ring of Flames                 Charms/Fire                  7
Comestibles
 f - 2 bread rations
 g - a chunk of flesh
 B - a meat ration


   Skills:
 - Level 3.6 Fighting
 * Level 9.5 Axes
 - Level 3.6 Armour
 - Level 3.6 Shields


You had 6 spell levels left.
You didn't know any spells.

Dungeon Overview and Level Annotations

Branches:
Dungeon (7/15)             Temple (1/1) D:4

Altars:
Elyvilon
Fedhas
Hepliaklqana
Okawaru
Ru
Sif Muna
Xom
Zin

Annotations:
D:7 Joseph, Menkaure, Pikel


Innate Abilities, Weirdness & Mutations

You reflexively headbutt those who attack you in melee.
You have a pair of horns on your head.


Message History

An orc comes into view.
It is wielding a war axe of electrocution.
You closely miss the ball python.
The orc shouts!
The ball python bites you but does no damage.
The ball python constricts you.
You hit the ball python.
The ball python is moderately wounded.
You slash the ball python!
You kill the ball python!
Okawaru accepts your kill.
You hit the orc.
The orc is lightly wounded.
The orc hits you but does no damage.
Menkaure casts a spell.
Menkaure seems to speed up.
You hit the orc but do no damage.
The orc is lightly wounded.
You slash the orc!
You kill the orc!
Okawaru accepts your kill.
Menkaure calls on the powers of darkness!
Your body is wracked with pain!
* * * LOW HITPOINT WARNING * * *
Unknown command.
You slash Menkaure!
Menkaure is heavily damaged.
The orc warrior throws a tomahawk.
You block the tomahawk.
Menkaure points at you and mumbles some strange words.
Pain shoots through your body!
* * * LOW HITPOINT WARNING * * *
Unknown command.
You hit Menkaure but do no damage.
Menkaure is heavily damaged.
The orc warrior throws a tomahawk.
The tomahawk hits you!
* * * LOW HITPOINT WARNING * * *
Unknown command.
You hit Menkaure but do no damage. Your headbutt misses Menkaure.
Menkaure is heavily damaged.
Menkaure hits you!
You die...

.. ## .
#.###..#..
#...#....
#
#....#.#..
#
#<.....M.
.M.[...
#.....Z..
.######
#.###....
# ###M#
... #
#.@$# .
#.####
#.### .
... #.# .
.... #o#
.. #...
... #.#.#.
>....
##.....
.#.....
.......
#.#.....#
..?.... #
#......
.......


You could see an orc warrior and Menkaure.

Vanquished Creatures
  Eustachio (D:4)
  Edmund (D:6)
  A necrophage (D:5)
  3 slaves (D:6)
  A howler monkey (D:5)
  A crimson imp (D:5)
  A hound (D:5)
  An orc priest (D:6)
  A worker ant (D:5)
  A killer bee zombie (D:6)
  A hound skeleton (D:6)
  5 adders
  A giant gecko (D:5)
  4 orcs
  A ball python (D:7)
  2 bats
  A goblin (D:1)
  2 quokkas
  A giant gecko zombie (D:5)
  3 kobolds
33 creatures vanquished.

Notes
Turn   | Place    | Note
-------+----------+-------------------------------------------
     0 | D:1      | Implojin the Minotaur Fighter began the quest for the Orb.
     0 | D:1      | Reached XP level 1. HP: 19/19 MP: 0/0
    81 | D:2      | Reached skill level 3 in Axes
   162 | D:3      | Reached XP level 2. HP: 26/26 MP: 1/1
   168 | D:3      | Reached skill level 4 in Axes
   197 | D:3      | You fall through a shaft for 3 floors!
   306 | D:6      | Noticed Edmund
   316 | D:6      | Killed Edmund
   316 | D:6      | Reached skill level 6 in Axes
   316 | D:6      | Reached XP level 3. HP: 16/31 MP: 0/2
   316 | D:6      | Reached XP level 4. HP: 21/39 MP: 0/3
   316 | D:6      | Reached XP level 5. HP: 24/45 MP: 0/4
   347 | D:6      | Found a deep blue altar of Sif Muna.
   378 | D:7      | Noticed a slave
   378 | D:7      | Noticed a slave
   448 | D:7      | Noticed Joseph
   494 | D:6      | Reached skill level 7 in Axes
   511 | D:5      | Entered Level 5 of the Dungeon
   511 | D:5      | Noticed a necrophage
   527 | D:5      | Killed a necrophage
   527 | D:5      | Reached XP level 6. HP: 32/50 MP: 5/5
   565 | D:5      | Found a blossoming altar of Fedhas.
   670 | D:5      | Reached skill level 8 in Axes
   949 | D:4      | Noticed Eustachio
   953 | D:4      | Killed Eustachio
   953 | D:4      | Reached skill level 9 in Axes
   953 | D:4      | Reached XP level 7. HP: 56/56 MP: 6/6
  1006 | D:4      | Found a shimmering altar of Xom.
  1009 | D:4      | Noticed an angel
  1015 | D:4      | Found a glowing silver altar of Zin.
  1038 | D:4      | Found a staircase to the Ecumenical Temple.
  1045 | Temple   | Entered the Ecumenical Temple
  1084 | Temple   | Became a worshipper of Warmaster Okawaru
  1220 | D:7      | Noticed Pikel
  1221 | D:7      | Noticed Menkaure
  1322 | D:7      | Slain by Menkaure

Vault maps used:
D:1:      minmay_arrival_diagonal_passages
D:2:      okawaru_altar_gauntlet_db, uniq_iyjb, uniq_robin
D:3:      nicolae_overflow_crystal_walls
D:4:      grunt_temple_overflow_order_and_chaos_1, uniq_eustachio
D:5:      first_bread, fedhas_altar_3
D:6:      lemuel_blue_sif_altar, uniq_edmund
D:7:      uniq_menkaure, uniq_pikel, uniq_joseph
Temple:   nicolae_temple_figure_eight

Skill      XL: |  1  2  3  4  5  6 |
---------------+-------------------+-----
Axes           | 3 6 7 9 |  9.5
Fighting       | |  3.6
Armour         | |  3.6
Shields        | |  3.6

Action                   |  1- 3 |  4- 6 |  7- 9 || total
-------------------------+-------+-------+-------++-------
Melee: War axe           |    33 |    67 |    31 ||   131
       Headbutt          |     9 |     6 |     3 ||    18
  Use: Potion            |     1 |     2 |     1 ||     4
       Scroll            |       |     2 |     7 ||     9
  Eat: Pizza             |       |     1 |     1 ||     2
Armor: Scale mail        |    25 |       |       ||    25
       Ring mail         |       |    22 |    11 ||    33
Dodge: Dodged            |    21 |    19 |     8 ||    48
Block: Shield            |    33 |    33 |    10 ||    76

Table legend:
 A = Turns spent in this place as a percentage of turns spent in the entire game.
 B = Non-inter-level travel turns spent in this place as a percentage of non-inter-level travel turns spent in the entire game.
 C = Inter-level travel turns spent in this place as a percentage of turns spent in this place.
 D = Turns resting spent in this place as a percentage of non-inter-level travel turns spent in this place.
 E = Turns spent auto-exploring this place as a percentage of non-inter-level travel turns spent in this place.
 F = Non-inter-level travel turns spent in this place divided by the number of levels of this place that you've seen.
                   A       B       C       D       E      F
               +-------+-------+-------+-------+-------+----------------------
         Total | 100.0 | 100.0 |   0.0 |   0.2 |   0.0 | 159.9
       Dungeon |  95.5 |  95.5 |   0.0 |   0.2 |   0.0 | 174.4
        Temple |   4.5 |   4.5 |   0.0 |   0.0 |   0.0 |  58.0
               +-------+-------+-------+-------+-------+----------------------

Table legend:
 A = Kills in this place as a percentage of kills in entire the game.
 B = Kills by you in this place as a percentage of kills by you in the entire game.
 C = Kills by friends in this place as a percentage of kills by friends in the entire game.
 D = Other kills in this place as a percentage of other kills in the entire game.
 E = Experience gained in this place as a percentage of experience gained in the entire game.
 F = Experience gained in this place divided by the number of levels of this place that you have seen.
                   A       B       C       D       E      F
               +-------+-------+-------+-------+-------+----------------------
         Total | 100.0 | 100.0 |  -nan |  -nan | 100.0 | 107.2
       Dungeon | 100.0 | 100.0 |  -nan |  -nan | 100.0 | 122.6
               +-------+-------+-------+-------+-------+----------------------
